 Dungeon Crawl Stone Soup version 0.31-a0-876-gfe8ebadbca (webtiles) character file.

Game seed: 16479554802878979452

9731 Bnni the Dealer of Despair (level 11, -21/62 (86) HPs)
             Began as a Demonspawn Necromancer on Oct 14, 2023.
             Was an Elder of Kikubaaqudgha.
             Shot with an arrow by a centaur warrior (22 damage)
             ... on level 9 of the Dungeon.
             The game lasted 00:19:11 (8544 turns).

Bnni the Dealer of Despair (Demonspawn Necromancer) Turns: 8544, Time: 00:19:12

HP:   -21/62 (86)   AC:  9    Str: 10    XL:     11   Next: 26%
MP:   0/22          EV: 13    Int: 26    God:    Kikubaaqudgha [****..]
Gold: 530           SH:  0    Dex: 21    Spells: 5/25 levels left

rFire   + . .        i - +1 spear (venom)
rCold   + . .        j - orb {*channel}
rNeg    . . .        m - +3 leather armour of the Ecumenical Temple {Drain Regen+ Int+6}
rPois   .            (helmet restricted)
rElec   +            F - scarf {rC+ rF+}
rCorr   +            Q - +0 pair of gloves of the Turtle {rElec Regen+ Dex+8 Stlth-}
SInv    .            a - +0 pair of boots
Will    .....        C - amulet of guardian spirit
Stlth   +            g - ring of resist corrosion
HPRegen 1.90/turn    P - ring of wizardry
MPRegen 0.18/turn

%: guardian spirit, wizardry (x1), channel magic (20%)
@: animating dead, very heavily drained
A: antennae 1, hooves 2, demonic guardian 2, spiny 1, weakness stinger 2
a: Renounce Religion, Unearth Wretches


You were on level 9 of the Dungeon.
You worshipped Kikubaaqudgha.
Kikubaaqudgha was greatly pleased with you.
You visited 2 branches of the dungeon, and saw 10 of its levels.
You also visited: Ossuary.

You collected 530 gold pieces.

Inventory:

Hand Weapons
 i - a +1 spear of venom (weapon)
 x - a +1 whip of electrocution
 O - a +2 vampiric trident
Missiles
 q - 2 throwing nets
 M - 2 curare-tipped darts
Armour
 a - a +0 pair of boots (worn)
 j - an orb of energy (worn)
 m - the +3 leather armour of the Ecumenical Temple (worn) {Drain Regen+ Int+6}
   (You found it on level 9 of the Dungeon)

   Int+6:     It affects your intelligence (+6).
   Regen+:    It increases your rate of health regeneration.
   Drain:     It drains your maximum health when unequipped.
 F - a scarf of resistance (worn)
 K - a +0 buckler
 Q - the +0 pair of gloves of the Turtle (worn) {rElec Regen+ Dex+8 Stlth-}
   (You found it on level 7 of the Dungeon)

   Dex+8:     It affects your dexterity (+8).
   rElec:     It insulates you from electricity.
   Regen+:    It increases your rate of health regeneration.
   Stlth-:    It makes you less stealthy.
Jewellery
 g - a ring of resist corrosion (left hand)
 C - an amulet of guardian spirit (around neck)
 P - a ring of wizardry (right hand)
Wands
 k - a wand of iceblast (3)
 y - a wand of acid (6)
 G - a wand of mindburst (4)
 N - a wand of charming (1)
Scrolls
 c - 4 scrolls of teleportation {unknown}
 e - a scroll of amnesia {unknown}
 h - a scroll of fear {unknown}
 l - 2 scrolls of silence {unknown}
 n - 2 scrolls of brand weapon {unknown}
 p - a scroll of poison {unknown}
 s - 4 scrolls of blinking {unknown}
 t - a scroll of enchant armour {unknown}
 v - 2 scrolls of butterflies {unknown}
 w - a scroll of identify
 D - 2 scrolls of revelation {unknown}
 E - a scroll of immolation
 H - a scroll of fog {unknown}
Potions
 b - a potion of magic
 d - 5 potions of haste
 f - a potion of invisibility {unknown}
 o - 2 potions of curing
 r - 2 potions of lignification
 u - a potion of brilliance {unknown}
 z - 2 potions of mutation
 A - 2 potions of heal wounds
 B - a potion of berserk rage {unknown}
 I - a potion of ambrosia {unknown}
 J - 2 potions of enlightenment {unknown}
 L - a potion of attraction {unknown}
 R - a potion of might {unknown}


   Skills:
 + Level 7.9 Fighting
 + Level 6.6 Armour
 + Level 2.7 Dodging
 - Level 1.7 Stealth
 + Level 7.6 Spellcasting
 * Level 13.1 Necromancy


You had 5 spell levels left.
You knew the following spells:

 Your Spells              Type           Power      Damage    Failure   Level
a - Necrotise             Necr           100%       1d9       1%          1
b - Cigotuvi's Dreadful   Necr/Pois/Air  64%        N/A       3%          2
c - Vampiric Draining     Necr           67%        2d10      1%          3
d - Animate Dead          Necr           67%        N/A       1%          4
e - Dispel Undead         Necr           67%        3d23      1%          4
f - Death Channel         Necr           33%        N/A       6%          6

Your spell library contained the following spells:

 Spells                   Type           Power      Damage    Failure   Level
 Agony                    Necr           67%        N/A       1%          5
 Wereblood                Tmut           9%         N/A       12%         2
 Olgreb's Toxic Radiance  Pois           9%         N/A       45%         4
 Vhi's Electric Charge    Tloc/Air       18%        N/A       45%         4
 Arcjolt                  Conj/Air       4%         1d14      77%         5
 Irradiate                Conj/Tmut      4%         3d13      77%         5
 Simulacrum               Ice/Necr       22%        N/A       45%         6
 Plasma Beam              Fire/Air       4%         2x1d14    99%         6
 Discord                  Hex            4%         N/A       100%        8
 Ignition                 Fire           4%         3d4       100%        8


Dungeon Overview and Level Annotations

Branches:
Dungeon (9/15)             Temple (1/1) D:4         Ossuary (visited)
   Lair: D:8-11         Orc: D:9-12

Altars:
Ashenzari
Cheibriados
Dithmenos
Fedhas
Gozag
Hepliaklqana
Kikubaaqudgha
Makhleb
Nemelex Xobeh
Okawaru
Qazlal
Ru
Sif Muna
Trog
Uskayaw
Vehumet
Wu Jian
Xom
Yredelemnul

Shops:
D:2 :   D:3 ([(


Innate Abilities, Weirdness & Mutations

You have a pair of small antennae on your head.
You have hoof-like feet.
A demonic guardian rushes to your aid.
You are partially covered in sharp spines.
You have a tail ending in a sharp stinger.


Message History

Your centaur warrior zombie closely misses the cyan ugly thing.
The centaur warrior throws a throwing net.
The throwing net hits your centaur warrior zombie.
Your centaur warrior zombie is caught in the net!
The cyan ugly thing headbutts your centaur warrior zombie.
The cyan ugly thing shocks your centaur warrior zombie!
Reach: i) +1 spear (venom)
Press: ? - help, Dir - move target, f - centaur warrior
Aim: a centaur warrior, wielding the +6 orcbow of Ylour {drain, *Slow rCorr Str+6} (ally target, about 26% to evade your +1 spear of venom)
You reach to attack!
You completely miss the centaur warrior.
The centaur warrior shoots an arrow.
The arrow hits your centaur warrior zombie!!
Your centaur warrior zombie is destroyed!
The cyan ugly thing headbutts your hobgoblin zombie.
The cyan ugly thing shocks your hobgoblin zombie!
Your hobgoblin zombie is destroyed!
The centaur warrior shoots an arrow.
The arrow hits you but does no damage.
You feel drained.
Reach: i) +1 spear (venom)
Press: ? - help, Dir - move target, f/p - centaur warrior
Aim: a centaur warrior, wielding the +6 orcbow of Ylour {drain, *Slow rCorr Str+6} (ally target, about 26% to evade your +1 spear of venom)
You could not reach far enough!
The centaur warrior shoots an arrow.
The arrow completely misses your ice devil.
The arrow hits you!!
You feel drained.
The cyan ugly thing barely misses your ice devil.
Unknown command.
Reach: i) +1 spear (venom)
Press: ? - help, Dir - move target, f/p - centaur warrior
Aim: a centaur warrior, wielding the +6 orcbow of Ylour {drain, *Slow rCorr Str+6} (about 26% to evade your +1 spear of venom)
You reach to attack!
You hit the centaur warrior but do no damage.
The centaur warrior is poisoned.
The centaur warrior shoots an arrow.
The arrow hits you!
* * * LOW HITPOINT WARNING * * *
You feel drained.
* * * LOW HITPOINT WARNING * * *
The centaur warrior shoots an arrow.
The arrow hits you!!
You die...
Kikubaaqudgha rasps: "You have failed me!
Welcome... death!"

# . .# # ##.
#.#.. ....
.....### ...#.
###..(###.##.#.##
#...###=#....#..#
#.###.†@#{.###...
#..).)#Z(c)..#.88
######
#.###.).#u.###...
......
#...###.#....#..#
.....#
###...###$##.#.##
####.# ###Z..###
.)... ####.#
##.....# ...#
ZZ)#.##
#.Z###...###..
##Z.Z.## ##.###
... ##


You could see a cyan ugly thing (ally target), a centaur warrior (very poisoned)
and a friendly cyclops zombie.

Vanquished Creatures
  A rakshasa (D:9)
  A wizard (D:9)
  Pikel (D:5)
  Jeremiah (D:7)
  A freezing wraith (D:9)
  3 yaks (D:9)
  A steam dragon (D:9)
  A water moccasin (D:5)
  An orc warrior (D:7)
  2 ice beasts
  2 wolves (D:8)
  4 kobold brigands
  2 bullfrogs (D:7)
  An elf zombie (Ossuary)
  2 gnoll sergeants
  5 scorpions
  6 wights
  4 killer bees
  4 electric eels
  A howler monkey (D:6)
  3 centaur zombies (Ossuary)
  3 orc priests
  5 jellies
  8 human zombies (Ossuary)
  A gnoll bouda (D:6)
  4 hounds
  Natasha (twice) (D:2)
  An iguana (D:6)
  3 orc wizards
  3 mummies (Ossuary)
  8 gnolls
  4 adders
  2 white imps
  A howler monkey simulacrum (D:9)
  2 worms
  3 dart slugs
  15 orcs
  7 endoplasms
  4 giant cockroaches
  8 goblins
  5 hobgoblins
  10 jackals
  4 quokkas
  10 ball pythons
  6 bats
  8 frilled lizards
  20 kobolds
  9 rats
203 creatures vanquished.

Vanquished Creatures (collateral kills)
  2 wizards
  A komodo dragon (shapeshifter) (D:9)
  A wyvern (D:8)
  A wraith (D:8)
  A yak (D:9)
  Grum (D:8)
  2 water moccasins (D:8)
  2 orc warriors (D:9)
  A black bear (D:8)
  A wolf (D:8)
  A boggart (D:9)
  2 kobold brigands
  A gnoll sergeant (D:9)
  11 wights
  3 killer bees (D:8)
  7 electric eels (D:8)
  An orc priest (D:7)
  A gnoll bouda (D:6)
  An iguana (D:5)
  An orc wizard (D:7)
  6 gnolls
  An ufetubus (D:4)
  A dart slug (D:1)
  3 orcs
  A giant cockroach (D:1)
  A hobgoblin (D:4)
  A quokka (D:3)
  5 frilled lizards (D:1)
  7 kobolds
68 creatures vanquished.

Vanquished Creatures (others)
  A centaur warrior (D:9)
  2 cyclopes (D:9)
  A centaur zombie (D:9)
  An unseen horror (D:8)
  A meliai (D:8)
  An acid dragon (D:9)
  3 yak zombies (D:9)
  3 wolf zombies (D:8)
  An electric eel (D:8)
  A howler monkey (D:8)
  A scorpion zombie (D:7)
  6 killer bee zombies (D:8)
  An ice beast zombie (D:8)
  A howler monkey zombie (D:8)
  A gnoll zombie (D:8)
  A hobgoblin (D:9)
  A hobgoblin zombie (D:9)
  2 kobolds (D:8)
  13 kobold zombies
  5 orc zombies
47 creatures vanquished.

Grand Total: 318 creatures vanquished

Notes
Turn   | Place    | Note
-------+----------+-------------------------------------------
     0 | D:1      | Bnni the Demonspawn Necromancer began the quest for the
                  | Orb.
     0 | D:1      | Reached XP level 1. HP: 13/13 MP: 3/3
   175 | D:1      | Gained mutation: A weak demonic guardian rushes to your
                  | aid. [demonic ancestry]
   175 | D:1      | Reached XP level 2. HP: 19/20 MP: 3/5
   587 | D:1      | Reached skill level 1 in Fighting
   605 | D:1      | Reached skill level 5 in Necromancy
   608 | D:1      | Reached XP level 3. HP: 9/26 MP: 3/6
  1164 | D:1      | Learned a level 3 spell: Vampiric Draining
  1192 | D:2      | Found Otuklydd's Vocational Training.
  1552 | D:2      | Noticed Natasha
  1558 | D:2      | Killed Natasha
  1559 | D:2      | Gained mutation: A demonic guardian rushes to your aid.
                  | [demonic ancestry]
  1559 | D:2      | Reached XP level 4. HP: 32/33 MP: 4/8
  1923 | D:2      | Noticed Natasha
  1935 | D:2      | Killed Natasha
  2033 | D:2      | Learned a level 4 spell: Animate Dead
  2034 | D:3      | Found Afougack's Antique Weapon Shoppe.
  2151 | D:3      | Noticed an orc warrior
  2152 | D:3      | Noticed a bullfrog
  2320 | D:3      | Reached XP level 5. HP: 29/38 MP: 5/9
  2470 | D:3      | Reached skill level 6 in Necromancy
  2528 | D:3      | Found Nashroe's Antique Armour Shoppe.
  2547 | D:3      | Found Ziorroli's Weapon Boutique.
  2790 | D:4      | Found a blossoming altar of Fedhas.
  2915 | D:4      | Gained mutation: You are partially covered in sharp spines.
                  | [demonic ancestry]
  2915 | D:4      | Reached XP level 6. HP: 43/46 MP: 11/11
  2951 | D:4      | Identified the +5 ring mail "Egovameq" {Regen+}
  3067 | D:4      | Found a staircase to the Ecumenical Temple.
  3078 | Temple   | Entered the Ecumenical Temple
  3097 | Temple   | Became a worshipper of Kikubaaqudgha
  3477 | D:5      | Entered Level 5 of the Dungeon
  3503 | D:5      | Reached skill level 1 in Armour
  3599 | D:5      | Reached skill level 7 in Necromancy
  3618 | D:5      | Noticed Pikel
  3638 | D:5      | Killed Pikel
  3639 | D:5      | Reached skill level 8 in Necromancy
  3639 | D:5      | Discovered your monstrous ancestry.
  3639 | D:5      | Gained mutation: You have a small tail. [demonic ancestry]
  3639 | D:5      | Reached XP level 7. HP: 35/53 MP: 5/13
  3795 | D:5      | Found a sand-covered staircase.
  3803 | Ossuary  | Entered an ossuary
  3872 | Ossuary  | Gained mutation: You have large cloven feet. [demonic
                  | ancestry]
  3872 | Ossuary  | Reached XP level 8. HP: 58/60 MP: 14/14
  3925 | Ossuary  | Reached * piety under Kikubaaqudgha
  3925 | Ossuary  | Received a gift from Kikubaaqudgha
  4034 | Ossuary  | Learned a level 2 spell: Cigotuvi's Dreadful Rot
  4375 | D:5      | Reached skill level 5 in Spellcasting
  4375 | D:5      | Reached skill level 9 in Necromancy
  4715 | D:6      | Reached skill level 5 in Fighting
  4941 | D:6      | Gained mutation: You have a tail ending in a sharp stinger.
                  | [demonic ancestry]
  4941 | D:6      | Reached XP level 9. HP: 67/68 MP: 16/16
  5053 | D:6      | Reached ** piety under Kikubaaqudgha
  5994 | D:7      | Noticed Jeremiah
  6156 | D:7      | Killed Jeremiah
  6157 | D:7      | Reached skill level 10 in Necromancy
  6394 | D:7      | Noticed a wizard
  6409 | D:7      | Killed a wizard
  6421 | D:7      | Identified the +0 pair of gloves of the Turtle {rElec
                  | Regen+ Dex+8 Stlth-}
  6444 | D:7      | Reached skill level 11 in Necromancy
  6721 | D:7      | Reached skill level 5 in Armour
  7167 | D:8      | Gained mutation: You have a pair of small antennae on your
                  | head. [demonic ancestry]
  7167 | D:8      | Reached XP level 10. HP: 65/77 MP: 19/19
  7336 | D:8      | Reached *** piety under Kikubaaqudgha
  7336 | D:8      | Received a gift from Kikubaaqudgha
  7370 | D:8      | Noticed Grum
  7376 | D:8      | Killed Grum
  7386 | D:8      | Your ally Grum died
  7395 | D:8      | Reached skill level 12 in Necromancy
  7760 | D:8      | Learned a level 4 spell: Dispel Undead
  7767 | D:8      | Learned a level 6 spell: Death Channel
  8250 | D:9      | Identified the +3 leather armour of the Ecumenical Temple
                  | {Drain Regen+ Int+6}
  8260 | D:9      | Reached **** piety under Kikubaaqudgha
  8431 | D:9      | Noticed a wizard
  8436 | D:9      | Killed a wizard
  8437 | D:9      | Gained mutation: You have hoof-like feet. [demonic
                  | ancestry]
  8437 | D:9      | Reached XP level 11. HP: 84/84 MP: 17/22
  8439 | D:9      | Noticed a rakshasa
  8461 | D:9      | Killed a rakshasa
  8463 | D:9      | Noticed a wizard
  8482 | D:9      | Killed a wizard
  8483 | D:9      | Reached skill level 13 in Necromancy
  8533 | D:9      | Identified the +6 orcbow of Ylour {drain, *Slow rCorr
                  | Str+6}
  8533 | D:9      | Noticed a centaur warrior
  8534 | D:9      | Noticed a cyan ugly thing
  8538 | D:9      | HP: 1/70 [centaur warrior/arrow (6)]
  8544 | D:9      | HP: 1/62 [centaur warrior/arrow (6)]
  8544 | D:9      | Shot with an arrow by a centaur warrior

Illustrated notes

Levels and vault maps discovered:
D:1:      tarquinn_simple_flora_water_d, layout_basic, minmay_lizard_pond
D:2:      layout_basic, grunt_decor_one_mirror, nicolae_shop_vocational,
          uniq_natasha
D:3:      minmay_chambers_of_threes, layout_rooms, serial_shops,
          nicolae_shop_back_alley_shop, shop, nicolae_shop_advertising_works
          [nicolae_subvault_shop_adworks], lightli_corner_chamber
D:4:      layout_basic, elyvilon_altar_4, lemuel_doored_altar,
          minmay_temple_entry_gardened_gates
D:5:      layout_loops_cross, chequers_ossuary_entry_cave,
          kennysheep_generic_room_6, uniq_pikel
D:6:      layout_layer_cave, kennysheep_windowed_goal
D:7:      cheibrodos_wizards_tower, layout_basic, serial_park_tiny_pond,
          uniq_jeremiah
D:8:      layout_loops_corners, serial_bayou, serial_bayou_lagoon_b,
          serial_bayou_crossing, serial_bayou_pond_c, serial_bayou_pond_e,
          serial_bayou_pond_b, uniq_grum
D:9:      minmay_the_grid_triangle_9x9_recursive_2_mashed
          [minmay_the_grid_triangle_9x9_prize_insulated,
          minmay_the_grid_triangle_9x9_zippers_vertical,
          minmay_the_grid_triangle_9x9_descending_squares,
          minmay_the_grid_triangle_9x9_alien], layout_loops_ring, david_orc_3
Temple:   nicolae_temple_slightly_damp_pantheon

Skill      XL: |  1  2  3  4  5  6  7  8  9 10 11 |
---------------+----------------------------------+-----
Fighting       | 1 2 3 4 5 6 7 |  7.9
Necromancy     | 5 6 8 9 11 12 13 | 13.1
Spellcasting   | 3 4 5 6 7 |  7.6
Armour         | 2 3 5 6 |  6.6
Dodging        | 2 |  2.7
Stealth        | |  1.7

Action                     |  1- 3 |  4- 6 |  7- 9 | 10-12 || total
---------------------------+-------+-------+-------+-------++-------
  Melee: Unarmed           |    15 |       |       |       ||    15
         Mace              |    46 |       |       |       ||    46
         Spear             |    38 |   158 |   108 |   151 ||   455
         Punch             |     1 |       |     2 |       ||     3
         Whip              |       |       |   185 |       ||   185
         Tailslap          |       |       |    47 |    12 ||    59
  Throw: Throwing net      |       |       |     2 |     1 ||     3
         Dart              |       |       |       |     1 ||     1
   Cast: Necrotise         |    40 |     4 |       |       ||    44
         Vampiric Draining |     1 |     5 |     3 |     8 ||    17
         Animate Dead      |       |       |     4 |     3 ||     7
         Dispel Undead     |       |       |       |     2 ||     2
         Death Channel     |       |       |       |     1 ||     1
 Invoke: Unearth Wretches  |       |       |       |     2 ||     2
  Evoke: Wand              |       |       |     1 |     2 ||     3
    Use: Scroll            |       |       |     7 |       ||     7
         Potion            |       |       |       |     1 ||     1
   Stab: Sleeping          |     3 |     6 |     2 |       ||    11
         Distracted        |     1 |       |       |     4 ||     5
 Armour: Robe              |    75 |    58 |       |       ||   133
         Ring mail         |       |    36 |   195 |   133 ||   364
         Leather armour    |       |       |       |    24 ||    24
  Dodge: Dodged            |    81 |   101 |   145 |   114 ||   441

Table legend: (Time is in decaauts)
 A = Elapsed time spent in this place.
 B = Non-inter-level travel time spent in this place.
 C = Inter-level travel time spent in this place.
 D = Time resting spent in this place.
 E = Time spent auto-exploring this place.
 F = Levels seen in this place.
 G = Mean time per level.
                   A        B        C        D        E       F      G
               +--------+--------+--------+--------+--------+-----+--------+
         Total |   8671 |   8242 |    429 |     92 |   6361 |  11 |  788.3 |
       Dungeon |   8389 |   7996 |    393 |     92 |   6300 |   9 |  932.1 |
        Temple |     38 |      2 |     36 |      0 |      0 |   1 |   38.0 |
       Ossuary |    243 |    243 |      0 |      0 |     61 |   1 |  243.0 |
               +--------+--------+--------+--------+--------+-----+--------+

Top non-repeatable levels by time:
     D:6: 1330 daAuts
     D:7: 1191 daAuts
     D:1: 1182 daAuts
     D:8: 1170 daAuts
     D:5: 922 daAuts
     D:2: 874 daAuts
     D:4: 744 daAuts
     D:3: 671 daAuts
     D:9: 303 daAuts
 Ossuary: 243 daAuts
  Temple: 38 daAuts
